 Dungeon Crawl Stone Soup version 0.22-a0-580-gd5db89c (webtiles) character file.

19053 sking99 the Brawler (level 12, -1/123 HPs)
             Began as a Troll Monk on July 3, 2018.
             Was a High Priest of the Shining One.
             Slain by Snorg (12 damage)
             ... on level 11 of the Dungeon.
             The game lasted 00:24:14 (9869 turns).

sking99 the Brawler (Troll Monk)                    Turns: 9869, Time: 00:24:16

Health: -1/123     AC: 15    Str: 22    XL:     12   Next: 33%
Magic:  22/22      EV:  9    Int:  6    God:    the Shining One [*****.]
Gold:   748        SH:  0    Dex: 16    Spells: 11/11 levels left

rFire    + + .     SeeInvis +     - Unarmed
rCold    x . .     Gourm    +   (no shield)
rNeg     + + .     Faith    .   a - +0 fire dragon scales
rPois    .         Spirit   .   D - +2 hat
rElec    .         Reflect  .   z - +0 cloak
rCorr    .         Harm     .   (gloves unavailable)
MR       .....                  (boots unavailable)
Stlth    ..........             (no amulet)
HPRegen  0.70/turn              J - ring of magical power
MPRegen  0.18/turn              E - ring of see invisible

@: berserk cooldown, slowed, glowing, very slow
A: large, unfitting armour, claws 3, fast metabolism 3, gourmand, regeneration
1, shaggy fur 1, tough skin 2
a: Divine Shield, Cleansing Flame, Summon Divine Warrior, Renounce Religion


You were on level 11 of the Dungeon.
You worshipped the Shining One.
The Shining One was extremely pleased with you.
You were very full.

You visited 2 branches of the dungeon, and saw 12 of its levels.
You also visited: Bailey.

You collected 923 gold pieces.
You spent 175 gold pieces at shops.

Inventory:

Hand Weapons
 I - a +3 scimitar of flaming
Missiles
 u - 2 throwing nets (quivered)
Armour
 a - +0 fire dragon scales (worn)
 n - the +2 cloak of the Thief {+Fog Slay-2 SInv Stlth+}
   (You found it in a bailey)

   It affects your accuracy and damage with ranged weapons and melee attacks
   (-2).
   It lets you see invisible.
   It makes you more stealthy.
 y - a +2 robe of positive energy
 z - a +0 cloak (worn)
 C - a scarf of resistance
 D - a +2 hat (worn)
Jewellery
 E - a ring of see invisible (right claw)
 J - a ring of magical power (left claw)
Wands
 s - a wand of iceblast (14)
 t - a wand of paralysis (18)
 A - a wand of acid (8)
Scrolls
 d - 4 scrolls of remove curse
 e - 5 scrolls of magic mapping
 h - 4 scrolls of teleportation
 m - a scroll of fog
 r - a scroll of enchant armour
 w - a scroll of immolation
 x - 2 scrolls of vulnerability {unknown}
 B - a scroll of fear
 F - a scroll of silence {unknown}
 H - a scroll of identify
Potions
 c - a potion of flight
 f - 3 potions of heal wounds
 i - 2 potions of invisibility
 j - a potion of brilliance
 k - 4 potions of curing
 l - a potion of mutation
 o - a potion of agility
 q - 13 potions of degeneration
 v - a potion of might
Comestibles
 b - 22 rations
 G - 6 chunks of flesh


   Skills:
 - Level 9.2 Fighting
 + Level 4.3 Armour
 - Level 2.4 Dodging
 - Level 1.0 Stealth
 * Level 15.8 Unarmed Combat
 + Level 3.0 Invocations


You had 11 spell levels left.
You didn't know any spells.
Your spell library contained the following spells:

 Spells                   Type           Power        Failure   Level  Hunger
 Confuse                  Hex            #.......     99%         3    ####...
 Confusing Touch          Hex            #.....       83%         1    ##.....
 Metabolic Englaciation   Hex/Ice        #.........   100%        5    ######.
 Petrify                  Tmut/Erth      #.......     100%        4    #####..
 Gell's Gravitas          Tloc           #.........   99%         3    ####...
 Yara's Violent Unravell  Hex/Tmut       #.........   100%        5    ######.


Dungeon Overview and Level Annotations

Branches:
Dungeon (11/15)            Temple (1/1) D:6             Orc (0/2) D:10
   Lair: D:8-11

Altars:
Ashenzari
Cheibriados
Dithmenos
Elyvilon
Fedhas
Gozag
Hepliaklqana
Kikubaaqudgha
Makhleb
Nemelex Xobeh
Okawaru
Qazlal
Ru
Sif Muna
Trog
Uskayaw
Vehumet
Wu Jian
Xom
Yredelemnul
Zin
The Shining One

Shops:
D:5 [   D:6 [[   D:10 ([   D:11 %

Annotations:
D:8 2 transporters, gmonis's ghost, novice MiBe
D:11 Snorg


Innate Abilities, Weirdness & Mutations

You are too large for most types of armour.
You have claws for hands.
Your metabolism is lightning-fast.
You like to eat raw meat.
Your natural rate of healing is unusually fast.
You are covered in fur. (AC +1)
You have very tough skin. (AC +2)


Message History

The death yak gores you.
* * * LOW HITPOINT WARNING * * *
You mangle the death yak!!
You kill the death yak!
Your Invocations skill increases to level 3!
The bullfrog skeleton hits you but does no damage.
The big kobold hits you but does no damage.
The bullfrog skeleton barely misses you.
The big kobold completely misses you.
The bullfrog skeleton hits you but does no damage.
Snorg goes berserk!
The big kobold hits you with a whip.
* * * LOW HITPOINT WARNING * * *
You see here a death yak corpse.
The bullfrog skeleton hits you but does no damage.
Snorg bites you.
* * * LOW HITPOINT WARNING * * *
Snorg barely misses you. Snorg claws you but does no damage.
The bullfrog skeleton hits you but does no damage.
The big kobold barely misses you. Snorg completely misses you. Snorg claws you!
You die...

.<..K. ..K. .K# ## ##K# .####
#..# ...... ....###### #†##
...... .........##########K#
...... ...............##KK.#
.(.... ..........>.....@TK.##
#........
.................Z...####........
.......................###.......
......................†.##.......
#.....................#.†##......
###........##..........##.#......
###....#####..........##.......
###.## #..........###...... #..#
#...........###.....


You could see Snorg (berserk), a big kobold, 3 kobolds and a bullfrog skeleton.

Vanquished Creatures
  Gastronok (D:8)
  Erica (D:11)
  A two-headed ogre (D:8)
  8 death yaks (D:11)
  3 unseen horrors
  Pikel (D:4)
  A centaur zombie (D:10)
  A gargoyle (D:10)
  2 hippogriffs
  Sigmund (D:3)
  5 yaks (D:11)
  A hungry ghost (D:7)
  Menkaure (D:4)
  An acid dragon (D:11)
  3 ice beasts
  A slave (D:4)
  4 sky beasts
  7 phantoms
  2 black bears
  9 orc warriors
  6 ogres
  5 centaurs
  3 bullfrogs
  A big kobold (D:11)
  2 scorpions
  15 killer bees
  18 wights
  2 crimson imps
  A howler monkey (D:8)
  A quasit (D:9)
  10 jellies
  6 bullfrog skeletons
  6 orc priests
  3 hounds
  9 orc wizards
  Jessica (D:3)
  Ijyb (D:3)
  Natasha (thrice) (D:3)
  Terence (D:2)
  6 iguanas
  7 worker ants
  A killer bee zombie (D:7)
  2 hound zombies
  2 hound skeletons
  6 gnolls
  14 adders
  A howler monkey skeleton (D:9)
  A shadow imp (D:9)
  An ooze (D:2)
  2 adder skeletons
  2 adder zombies
  A dart slug (D:5)
  11 leopard geckos
  45 orcs
  A ball python (D:4)
  6 bats
  2 giant cockroaches (D:5)
  9 goblins
  8 hobgoblins
  13 jackals
  6 quokkas
  5 frilled lizards
  A jackal skeleton (D:4)
  9 kobolds
  A leopard gecko skeleton (D:4)
  2 quokka skeletons
  4 rats
  3 rat zombies (D:9)
320 creatures vanquished.

Notes
Turn   | Place    | Note
-------+----------+-------------------------------------------
     0 | D:1      | sking99 the Troll Monk began the quest for the Orb.
     0 | D:1      | Reached XP level 1. HP: 22/22 MP: 0/0
   299 | D:1      | Reached XP level 2. HP: 29/29 MP: 1/1
  1114 | D:2      | Noticed Terence
  1129 | D:2      | Killed Terence
  1129 | D:2      | Reached skill level 4 in Unarmed Combat
  1129 | D:2      | Reached XP level 3. HP: 29/36 MP: 2/2
  1336 | D:2      | Found a hide-covered altar of Uskayaw.
  1474 | D:2      | Reached XP level 4. HP: 44/45 MP: 3/3
  1905 | D:3      | Noticed Jessica
  1915 | D:3      | Killed Jessica
  1933 | D:3      | Noticed Sigmund
  1954 | D:3      | Killed Sigmund
  1954 | D:3      | Reached skill level 5 in Unarmed Combat
  1954 | D:3      | Reached XP level 5. HP: 54/54 MP: 4/4
  1996 | D:3      | Reached XP level 6. HP: 62/62 MP: 5/5
  2036 | D:3      | Noticed Natasha
  2045 | D:3      | Killed Natasha
  2061 | D:3      | Noticed Ijyb
  2084 | D:3      | Killed Ijyb
  2084 | D:3      | Reached skill level 6 in Unarmed Combat
  2287 | D:3      | Found a hazy altar of Hepliaklqana.
  2290 | D:3      | Noticed Natasha
  2298 | D:3      | Killed Natasha
  2621 | D:3      | Noticed Natasha
  2626 | D:3      | Killed Natasha
  2665 | D:4      | Noticed Menkaure
  2674 | D:4      | Killed Menkaure
  2674 | D:4      | Reached XP level 7. HP: 70/70 MP: 6/6
  2772 | D:4      | Found a sparkling altar of Nemelex Xobeh.
  2772 | D:4      | Found an opulent altar of Gozag.
  2827 | D:4      | Found a sacrificial altar of Ru.
  2858 | D:4      | Reached skill level 7 in Unarmed Combat
  3380 | D:4      | Noticed Pikel
  3395 | D:4      | Killed Pikel
  3395 | D:4      | Reached skill level 5 in Fighting
  3395 | D:4      | Reached skill level 8 in Unarmed Combat
  3395 | D:4      | Reached XP level 8. HP: 39/81 MP: 7/7
  3685 | D:5      | Entered Level 5 of the Dungeon
  3714 | D:5      | Reached skill level 9 in Unarmed Combat
  3809 | D:5      | Found Tievviam's Antique Armour Shop.
  3814 | D:5      | Bought a glowing hat for 175 gold pieces
  4100 | D:6      | Found Cuschuse's Antique Armour Shop.
  4141 | D:6      | Found a staircase to the Ecumenical Temple.
  4152 | D:6      | Reached skill level 10 in Unarmed Combat
  4157 | D:6      | Reached XP level 9. HP: 63/89 MP: 8/8
  4170 | Temple   | Entered the Ecumenical Temple
  4347 | Temple   | Became a worshipper of the Shining One
  4347 | Temple   | Reached * piety under the Shining One
  4347 | Temple   | Reached ** piety under the Shining One
  4500 | D:6      | Found an iron altar of Okawaru.
  4561 | D:6      | Found an iron altar of Okawaru.
  4562 | D:6      | Found a bloodstained altar of Trog.
  4692 | D:6      | You fall through a shaft for 3 floors!
  4846 | D:9      | Reached skill level 11 in Unarmed Combat
  5228 | D:9      | Found a white marble altar of Elyvilon.
  5228 | D:9      | Found a deep blue altar of Sif Muna.
  5304 | D:9      | Reached *** piety under the Shining One
  5316 | D:9      | Found an ancient bone altar of Kikubaaqudgha.
  5576 | D:8      | Noticed a two-headed ogre
  5588 | D:8      | Killed a two-headed ogre
  5588 | D:8      | Reached skill level 12 in Unarmed Combat
  5588 | D:8      | Reached XP level 10. HP: 45/102 MP: 5/9
  5685 | D:8      | Found a transporter.
  5691 | D:8      | Noticed gmonis's ghost (novice MiBe)
  5719 | D:8      | Found a transporter.
  5772 | D:8      | Noticed an unseen horror
  5777 | D:8      | Killed an unseen horror
  5907 | D:8      | Reached **** piety under the Shining One
  5987 | D:8      | Noticed Gastronok
  6002 | D:8      | Killed Gastronok
  6002 | D:8      | Reached skill level 13 in Unarmed Combat
  6393 | D:7      | Found a shattered altar of Ashenzari.
  6393 | D:7      | Found a basalt altar of Yredelemnul.
  6539 | D:7      | Reached XP level 11. HP: 65/113 MP: 10/10
  6713 | D:7      | Found a blossoming altar of Fedhas.
  7402 | D:6      | Found Ilerr's Antique Armour Emporium.
  7505 | D:10     | Entered Level 10 of the Dungeon
  7514 | D:10     | Noticed an unseen horror
  7520 | D:10     | Killed an unseen horror
  7520 | D:10     | Reached skill level 14 in Unarmed Combat
  7598 | D:10     | Noticed an unseen horror
  7600 | D:10     | Found Zocived's Weapon Emporium.
  7603 | D:10     | Found a staircase to the Orcish Mines.
  7604 | D:10     | Reached ***** piety under the Shining One
  7605 | D:10     | Found Wotin's Armour Emporium.
  7609 | D:10     | Killed an unseen horror
  7703 | D:10     | Found a flagged portal.
  7728 | Bailey   | Entered a bailey
  8017 | Bailey   | Noticed an orc knight
  8017 | Bailey   | Noticed an orc knight
  8372 | Bailey   | Found the +10 Black Knight's horse barding {ponderous, rPois rN+}
  8373 | Bailey   | Found the +2 cloak of the Thief {+Fog Slay-2 SInv Stlth+}
  8905 | D:10     | Reached skill level 1 in Armour
  9372 | D:11     | Found Rungip's Food Emporium.
  9415 | D:11     | Noticed Erica
  9438 | D:11     | Killed Erica
  9438 | D:11     | Reached skill level 15 in Unarmed Combat
  9813 | D:11     | Noticed a death yak
  9813 | D:11     | Noticed a death yak
  9813 | D:11     | Noticed a death yak
  9813 | D:11     | Noticed a death yak
  9813 | D:11     | Noticed a death yak
  9823 | D:11     | Noticed a death yak
  9825 | D:11     | Killed a death yak
  9825 | D:11     | Reached skill level 1 in Invocations
  9827 | D:11     | Noticed a death yak
  9831 | D:11     | Killed a death yak
  9831 | D:11     | Reached XP level 12. HP: 69/123 MP: 12/12
  9835 | D:11     | Killed a death yak
  9835 | D:11     | Noticed Snorg
  9840 | D:11     | Killed a death yak
  9844 | D:11     | Noticed a death yak
  9848 | D:11     | Killed a death yak
  9853 | D:11     | Killed a death yak
  9857 | D:11     | Killed a death yak
  9867 | D:11     | Killed a death yak
  9869 | D:11     | Slain by Snorg

Vault maps used:
D:1:      lightli_arrival_farm, palyth_stone_intersect
D:2:      lemuel_crystal_altar, serial_co_window_serial,
          co_window_of_opportunity_a, co_window_paths_a, co_window_corner_a,
          co_window_paths_b, co_window_paths_b, co_window_2corner,
          co_window_unsneaky_path_b, co_window_corner_cb, co_window_corner_b,
          co_window_corner_ca, co_window_paths_c, co_window_paths_e,
          co_window_4corner_a, glass_columns_a, glass_columns_a,
          glass_columns_b, glass_columns_b, uniq_terence
D:3:      nicolae_overflow_crystal_walls, first_ration, uniq_jessica, uniq_ijyb,
          uniq_sigmund, uniq_natasha
D:4:      grunt_temple_overflow_opulence, kennysheep_mini, due_unseen_surprise,
          uniq_pikel, uniq_menkaure
D:5:      serial_shops, nicolae_shop_overgrown_old_shop
D:6:      grunt_temple_overflow_bloody_war, minmay_temple_entry_purple_smoke,
          serial_shops, shop, shop, okawaru_ov_weapons_minmay
D:7:      fedhas_altar_4, chequers_temple_overflow_statue_of_worship
D:8:      gammafunk_ghost_mausoleum, uniq_gastronok
D:9:      lemuel_zombie_altar_kikubaaqudgha, gammafunk_temple_overflow_statue
D:10:     orc_david_3, enter_bailey_7, grunt_pizzeria
D:11:     dpeg_lair_monsters, serial_shops, nicolae_shop_waterfront, uniq_erica,
          uniq_snorg
Temple:   nicolae_temple_figure_zero
Bailey:   bailey_polearm_1, bailey

Skill      XL: |  1  2  3  4  5  6  7  8  9 10 11 12 |
---------------+-------------------------------------+-----
Unarmed Combat | 4 5 6 8 10 12 13 15 | 15.8
Fighting       | 3 4 5 6 7 8 9 |  9.2
Armour         | 3 4 |  4.3
Invocations    | 1 3 |  3.0
Dodging        | |  2.4
Stealth        | |  1.0

Action                   |  1- 3 |  4- 6 |  7- 9 | 10-12 || total
-------------------------+-------+-------+-------+-------++-------
Melee: Unarmed           |    72 |    79 |   281 |   438 ||   870
       Punch             |       |     1 |    14 |    26 ||    41
Invok: Divine Shield     |       |       |     1 |       ||     1
  Use: Potion            |       |     3 |       |     3 ||     6
       Scroll            |       |    13 |     6 |     3 ||    22
 Stab: Sleeping          |     3 |     2 |     3 |       ||     8
  Eat: Chunk             |    17 |    13 |    27 |    41 ||    98
Armor: Robe              |    15 |    27 |    90 |    81 ||   213
       Fire dragon scale |       |       |       |    98 ||    98
Dodge: Dodged            |    28 |    43 |   133 |   183 ||   387
Block: Other             |       |       |     1 |       ||     1

Table legend:
 A = Spawn XP
 B = Non-spawn XP
 C = Spawn XP percentage of total XP
 D = Spawn monster count
 E = Non-spawn monster count
 F = Spawn count percentage of total count
 G = Total turns spent on level
                    A         B        C        D         E        F      G
               +---------+---------+-------+---------+---------+-------+---------
         Total |       0 |   27219 |   0.0 |       0 |     319 |   0.0 |  9869
               +---------+---------+-------+---------+---------+-------+---------
           D:1 |       0 |      17 |   0.0 |       0 |      10 |   0.0 |   979
           D:2 |       0 |      80 |   0.0 |       0 |      15 |   0.0 |   852
           D:3 |       0 |     460 |   0.0 |       0 |      28 |   0.0 |   807
           D:4 |       0 |    1274 |   0.0 |       0 |      24 |   0.0 |  1047
           D:5 |       0 |     838 |   0.0 |       0 |      16 |   0.0 |   408
           D:6 |       0 |     877 |   0.0 |       0 |      20 |   0.0 |   598
           D:7 |       0 |    1267 |   0.0 |       0 |      26 |   0.0 |   933
           D:8 |       0 |    5506 |   0.0 |       0 |      29 |   0.0 |   838
           D:9 |       0 |    1678 |   0.0 |       0 |      36 |   0.0 |   855
          D:10 |       0 |    4150 |   0.0 |       0 |      50 |   0.0 |   900
          D:11 |       0 |   10640 |   0.0 |       0 |      50 |   0.0 |   589
        Bailey |       0 |     432 |   0.0 |       0 |      15 |   0.0 |   875
               +---------+---------+-------+---------+---------+-------+---------
